 Dungeon Crawl Stone Soup version 0.21.1-1-g345015f (webtiles) character file.

1008 troglodite the Skirmisher (level 8, -14/96 HPs)
             Began as a Demonspawn Berserker on Apr 25, 2018.
             Was a Priest of Trog.
             Killed from afar by a wretched star (17 damage)
             ... with an orb of energy
             ... on level 2 of the Abyss on Apr 26, 2018.
             The game lasted 00:09:52 (3395 turns).

troglodite the Skirmisher (Demonspawn Berserker)    Turns: 3395, Time: 00:09:53

Health: -14/96     AC: 12    Str: 23    XL:     8   Next: 1%
Magic:  8/8        EV:  9    Int:  9    God:    Trog [***...]
Gold:   154        SH:  0    Dex: 14    Spells: 7/7 levels left

rFire    . . .     SeeInvis .   a - +0 falchion
rCold    + . .     Gourm    .   (no shield)
rNeg     . . .     Faith    .   i - +0 chain mail
rPois    .         Spirit   .   f - +0 hat
rElec    .         Reflect  .   (no cloak)
rCorr    .         Harm     .   o - +0 pair of gloves (curse)
MR       .....                  (no boots)
Stlth    ..........             (no amulet)
HPRegen  0.26/turn              (no ring)
MPRegen  0.11/turn              (no ring)

@: berserking (expiring), very quick
A: antennae 2, icy blue scales 1, [blurry vision 2], cold resistance 1,
[deterioration 2], spiny 1, freezing cloud immunity
a: Berserk, Trog's Hand, Burn Spellbooks, Renounce Religion


You were on level 2 of the Abyss.
You worshipped Trog.
Trog was most pleased with you.
You were very hungry.

You visited 1 branch of the dungeon, and saw 5 of its levels.
You visited the Abyss 1 time.

You collected 154 gold pieces.

Inventory:

Hand Weapons
 a - a +0 falchion (weapon)
Armour
 f - a +0 hat (worn)
 i - a +0 chain mail (worn)
 o - a cursed +0 pair of gloves (worn)
Wands
 l - a wand of random effects (39)
Scrolls
 b - a scroll of identify {unknown}
 d - 4 scrolls of fog {unknown}
 m - 2 scrolls of amnesia {unknown}
 n - a scroll of teleportation {unknown}
 p - 2 scrolls of remove curse {unknown}
 r - 2 scrolls of blinking {unknown}
 s - a scroll of immolation {unknown}
 t - a scroll of enchant armour {unknown}
 u - a scroll of noise {unknown}
Potions
 e - a potion of might {unknown}
 g - a potion of resistance {unknown}
 h - 3 potions of brilliance {unknown}
 j - a potion of magic {unknown}
 k - a potion of lignification {unknown}
 q - a potion of degeneration {unknown}
 v - a potion of flight {unknown}
Comestibles
 c - 4 rations
 w - 5 chunks of flesh


   Skills:
 * Level 6.0 Fighting
 + Level 6.0 Long Blades
 + Level 3.8 Armour
 + Level 3.0 Dodging
 + Level 0.5 Stealth


You had 7 spell levels left.
You didn't know any spells.

Dungeon Overview and Level Annotations

Branches:
Dungeon (5/15)
 Temple: D:4-7

Altars:
Dithmenos
Gozag
Qazlal
Trog

Shops:
D:4 [

Annotations:
D:5 Verendum's ghost, amateur GrAK


Innate Abilities, Weirdness & Mutations

You have a pair of antennae on your head.
You are partially covered in icy blue scales. (AC +2)
Your flesh is cold resistant. (rC+)
You are partially covered in sharp spines.
You are immune to freezing clouds.
[Scrolls take you longer to read.]
[Your body often deteriorates upon taking damage.]


Message History

You hit the wretched star.
The wretched star is heavily damaged.
You barely miss the wretched star.
The wretched star is heavily damaged.
The wretched star glows turbulently.
The orb of energy hits you!
The orb of energy explodes!
You slash the wretched star!
The wretched star is almost destroyed.
The wretched star glows turbulently.
The orb of energy hits you!
* * * LOW HITPOINT WARNING * * *
You hit the wretched star.
The wretched star is almost destroyed.
You barely miss the wretched star.
The wretched star is almost destroyed.
You slash the wretched star!
The wretched star is almost destroyed.
The wretched star glows turbulently.
The orb of energy hits you!
You die...

.. .. .#
#.# # ...
.# .
####... ..#
##
.#.......
#.##.# #. #
... #.*.#
## ...
#@.#.##..#
#.#......#.
..#..######
# #.....#
.# ##.....
.# .## ..
.% #.


You could see a wretched star.

Vanquished Creatures
  The ghost of azzavlup the Chopper, an amateur DsAK of Lugonu (D:4)
  Grinder (D:3)
  An orc warrior (D:2)
  2 phantoms (D:4)
  4 killer bees (D:4)
  A bullfrog skeleton (D:5)
  3 adders
  3 oozes (D:3)
  2 worms
  2 dart slugs
  18 orcs
  3 giant cockroaches (D:1)
  7 goblins
  6 hobgoblins
  7 jackals (D:2)
  5 kobolds
  2 quokkas
  A ball python (D:1)
  5 bats
  9 frilled lizards
  A quokka zombie (D:4)
  5 rats
89 creatures vanquished.

Notes
Turn   | Place    | Note
-------+----------+-------------------------------------------
     0 | D:1      | troglodite the Demonspawn Berserker began the quest for the Orb.
     0 | D:1      | Reached XP level 1. HP: 18/18 MP: 1/1
   230 | D:1      | Gained mutation: Your flesh is cold resistant. (rC+) [demonic ancestry]
   230 | D:1      | Reached XP level 2. HP: 23/24 MP: 2/2
   848 | D:2      | Reached ** piety under Trog
   945 | D:2      | Gained mutation: You have a pair of small antennae on your head. [demonic ancestry]
   945 | D:2      | Reached XP level 3. HP: 30/30 MP: 3/3
  1095 | D:2      | Noticed an orc warrior
  1104 | D:2      | Killed an orc warrior
  1104 | D:2      | Gained mutation: You are partially covered in sharp spines. [demonic ancestry]
  1104 | D:2      | Reached XP level 4. HP: 22/37 MP: 4/4
  1104 | D:2      | Gained mutation: You are immune to freezing clouds. [demonic ancestry]
  1104 | D:2      | Reached XP level 5. HP: 25/42 MP: 5/5
  1360 | D:2      | Found a bloodstained altar of Trog.
  1512 | D:2      | Found a shadowy altar of Dithmenos.
  1671 | D:3      | Noticed Grinder
  1679 | D:3      | Paralysed by Grinder for 2 turns
  1685 | D:3      | Killed Grinder
  1685 | D:3      | Reached skill level 5 in Fighting
  1685 | D:3      | Gained mutation: You have a pair of antennae on your head. [demonic ancestry]
  1685 | D:3      | Reached XP level 6. HP: 24/51 MP: 6/6
  1907 | D:3      | Found a stormy altar of Qazlal.
  2033 | D:3      | Found an opulent altar of Gozag.
  2045 | D:3      | Reached *** piety under Trog
  2385 | D:4      | Noticed azzavlup's ghost (amateur DsAK)
  2403 | D:4      | Killed azzavlup's ghost
  2403 | D:4      | Reached skill level 5 in Long Blades
  2403 | D:4      | Reached XP level 7. HP: 48/56 MP: 7/7
  2433 | D:4      | Found a shadowy altar of Dithmenos.
  2470 | D:4      | Found Roonarint's Antique Armour Emporium.
  3232 | D:5      | Entered Level 5 of the Dungeon
  3296 | D:5      | Gained mutation: You are partially covered in icy blue scales. (AC +2) [demonic ancestry]
  3296 | D:5      | Reached XP level 8. HP: 62/64 MP: 8/8
  3339 | D:5      | Noticed Verendum's ghost (amateur GrAK)
  3342 | D:5      | Cast into level 2 of the Abyss (Verendum's ghost)
  3376 | Abyss:2  | Noticed a wretched star
  3392 | Abyss:2  | HP: 2/96 [wretched star/orb of energy (27)]
  3395 | Abyss:2  | Killed from afar by a wretched star

Skill      XL: |  1  2  3  4  5  6  7 |
---------------+----------------------+-----
Dodging        | 2 3 |  3.0
Long Blades    | 3 4 5 6 |  6.0
Fighting       | 4 5 6 |  6.0
Armour         | 2 3 |  3.8
Stealth        | |  0.5

Action                   |  1- 3 |  4- 6 |  7- 9 || total
-------------------------+-------+-------+-------++-------
Melee: Falchion          |    75 |    81 |    85 ||   241
Invok: Berserk           |     2 |     2 |     3 ||     7
  Eat: Chunk             |     2 |     6 |     6 ||    14
Armor: Animal skin       |     5 |       |       ||     5
       Scale mail        |    21 |     1 |       ||    22
       Chain mail        |       |    48 |    44 ||    92
Dodge: Dodged            |    73 |    24 |    24 ||   121
       Rpst.: Falchion   |    31 |     8 |     8 ||    47
